General information
			
			
        
        - name: BNet
 
        - type: Ladder team game (AT/RT)
 
        - host: Battle.net
 
        - saver: JOHN-MATHESON
 
        
map: Highperch 
        - players: 6
 
        - length: 75:25
 
        - speed: Fast
 - version: 1.22 W3XP
 - replay type:  Public
 
» download(364 KB)
Players
        team 1 (loser) 
              
              
der.kingpint (
blue | 44 APM | 3156 actions | 72:13)
              
 5 Demon Hunter 
 3 Mana Burn
 2 Evasion
 5 Priestess of the Moon 
 3 Trueshot Aura
 2 Searing Arrows
 
                » actions 
                
                | Assign group hotkey | 48 |  | 
| Build / train | 85 |  | 
| Enter build submenu | 19 |  | 
| Enter hero's abilities submenu | 11 |  | 
| Give item / drop item | 12 |  | 
| Remove unit from queue | 1 |  | 
| Right click | 1445 |  | 
| Select / deselect | 560 |  | 
| Select group hotkey | 903 |  | 
| Use ability | 72 |  | 
                3156 total
 » units 
                » upgrades
                
                | Improved Bows | 1 |  | 
| Strength of the Moon | 1 |  | 
| Corrosive Breath | 1 |  | 
| Strength of the Wild | 2 |  | 
| Reinforced Hides | 2 |  | 
| Moon Armor | 1 |  | 
| Marksmanship | 1 |  | 
                9 total
 » buildings
                
                | Altar of Elders | 1 |  | 
| Moon Well | 7 |  | 
| Ancient of War | 1 |  | 
| Tree of Ages | 1 |  | 
| Hunter's Hall | 1 |  | 
| Tree of Life | 1 |  | 
| Ancient of Wonders | 2 |  | 
| Tree of Eternity | 1 |  | 
| Ancient of Wind | 2 |  | 
| Chimaera Roost | 2 |  | 
| Ancient Protector | 1 |  | 
                20 total
 » build order
                00:07 Altar of Elders
00:11 Moon Well
00:24 Ancient of War
01:32 Moon Well
02:57 Tree of Ages
03:36 Hunter's Hall
03:47 Moon Well
05:23 Tree of Life
05:54 Ancient of Wonders
06:09 Ancient of Wonders
07:58 Moon Well
07:58 Moon Well
08:43 Tree of Eternity
09:34 Ancient of Wind
09:38 Ancient of Wind
12:17 Chimaera Roost
12:21 Chimaera Roost
14:35 Ancient Protector
15:59 Moon Well
16:02 Moon Well
» items
                
                | Potion of Healing | 1 |  | 
| Orb of Venom | 1 |  | 
| Scroll of Town Portal | 1 |  | 
| Dust of Appearance | 2 |  | 
| Staff of Teleportation | 1 |  | 
| Boots of Speed | 1 |  | 
                7 total
  
               
              
              
» 
NuKeR. (
orange | 49 APM | 3553 actions | 73:04)
              
 5 Blademaster 
 3 Wind Walk
 2 Critical Strike
 4 Shadow Hunter 
 2 Hex
 2 Healing Wave
 1 Goblin Tinker 
 1 Pocket Factory
 
                » actions 
                
                | Assign group hotkey | 80 |  | 
| Basic commands | 65 |  | 
| Build / train | 111 |  | 
| Enter build submenu | 35 |  | 
| Enter hero's abilities submenu | 11 |  | 
| Give item / drop item | 10 |  | 
| Remove unit from queue | 15 |  | 
| Right click | 1570 |  | 
| Select / deselect | 577 |  | 
| Select group hotkey | 880 |  | 
| Use ability | 199 |  | 
                3553 total
 » units 
                
                | Peon | 17 |  | 
| Wind Rider | 4 |  | 
| Troll Batrider | 14 |  | 
| Kodo Beast | 1 |  | 
| Demolisher | 6 |  | 
| Troll Witch Doctor | 4 |  | 
| Shaman | 1 |  | 
| Troll Headhunter/Berserker | 1 |  | 
                48 total
 » upgrades
                
                | Spiked Barricades | 2 |  | 
| Ranged Weapons | 3 |  | 
| Armor | 3 |  | 
| Liquid Fire | 1 |  | 
| Reinforced Defenses | 1 |  | 
| War Drums Damage Increase | 1 |  | 
| Burning Oil | 1 |  | 
| Ensnare | 0 |  | 
| Witch Doctor Training | 2 |  | 
| Berserker Upgrade | 1 |  | 
| Troll Regeneration | 1 |  | 
                16 total
 » buildings
                
                | Altar of Storms | 1 |  | 
| Orc Burrow | 8 |  | 
| War Mill | 2 |  | 
| Voodoo Lounge | 2 |  | 
| Watch Tower | 27 |  | 
| Stronghold | 1 |  | 
| Beastiary | 2 |  | 
| Fortress | 1 |  | 
| Barracks | 4 |  | 
| Spirit Lodge | 1 |  | 
                49 total
 » build order
                00:19 Altar of Storms
00:26 Orc Burrow
01:06 War Mill
01:24 Voodoo Lounge
01:27 Voodoo Lounge
02:36 Orc Burrow
02:44 Watch Tower
03:28 Watch Tower
03:52 Watch Tower
04:32 Watch Tower
04:39 Orc Burrow
04:57 Stronghold
05:22 Orc Burrow
06:21 Watch Tower
07:33 Beastiary
07:38 Beastiary
07:41 Orc Burrow
08:32 Fortress
16:22 Barracks
16:24 Barracks
16:32 Watch Tower
16:33 Watch Tower
16:37 Watch Tower
17:03 War Mill
20:12 Watch Tower
20:13 Watch Tower
20:14 Watch Tower
20:16 Watch Tower
20:17 Watch Tower
20:18 Watch Tower
21:29 Watch Tower
21:30 Watch Tower
21:35 Watch Tower
21:35 Watch Tower
22:39 Watch Tower
22:40 Watch Tower
22:40 Watch Tower
22:45 Orc Burrow
22:48 Orc Burrow
23:25 Spirit Lodge
23:36 Barracks
23:45 Barracks
23:52 Watch Tower
23:53 Watch Tower
24:17 Watch Tower
24:21 Watch Tower
25:02 Watch Tower
25:13 Watch Tower
25:18 Orc Burrow
» items
                
                | Healing Salve | 2 |  | 
| Lesser Clarity Potion | 7 |  | 
| Scroll of Speed | 2 |  | 
| Potion of Lesser Invulnerability | 1 |  | 
| Periapt of Vitality | 1 |  | 
| Orb of Lightning | 1 |  | 
| Boots of Speed | 1 |  | 
| Circlet of Nobility | 1 |  | 
| Tiny Great Hall | 1 |  | 
                17 total
  
               
              
              
spliff-star (
teal | 36 APM | 2699 actions | 75:17)
              
 5 Blademaster 
 3 Wind Walk
 2 Critical Strike
 
                » actions 
                
                | Assign group hotkey | 27 |  | 
| Basic commands | 1 |  | 
| Build / train | 129 |  | 
| Enter build submenu | 42 |  | 
| Enter hero's abilities submenu | 5 |  | 
| Give item / drop item | 6 |  | 
| Remove unit from queue | 2 |  | 
| Right click | 1434 |  | 
| Select / deselect | 475 |  | 
| Select group hotkey | 427 |  | 
| Use ability | 151 |  | 
                2699 total
 » units 
                
                | Peon | 13 |  | 
| Troll Batrider | 44 |  | 
| Raider | 27 |  | 
| Shaman | 9 |  | 
| Kodo Beast | 1 |  | 
                94 total
 » upgrades
                
                | Ensnare | 1 |  | 
| Melee Weapons | 3 |  | 
| Armor | 1 |  | 
| Shaman Training | 2 |  | 
| Liquid Fire | 1 |  | 
| Ranged Weapons | 1 |  | 
| Spiked Barricades | 1 |  | 
| War Drums Damage Increase | 1 |  | 
                11 total
 » buildings
                
                | Altar of Storms | 2 |  | 
| Orc Burrow | 16 |  | 
| Voodoo Lounge | 2 |  | 
| Stronghold | 2 |  | 
| War Mill | 1 |  | 
| Watch Tower | 12 |  | 
| Beastiary | 2 |  | 
| Fortress | 1 |  | 
| Spirit Lodge | 1 |  | 
| Great Hall | 2 |  | 
                41 total
 » build order
                00:09 Altar of Storms
00:11 Orc Burrow
00:15 Altar of Storms
00:54 Voodoo Lounge
02:00 Stronghold
02:00 Stronghold
02:07 War Mill
04:00 Watch Tower
04:02 Watch Tower
04:07 Watch Tower
04:50 Watch Tower
04:53 Orc Burrow
06:35 Orc Burrow
06:48 Beastiary
07:12 Beastiary
09:29 Fortress
09:34 Spirit Lodge
11:25 Orc Burrow
12:25 Orc Burrow
15:40 Orc Burrow
15:43 Orc Burrow
17:55 Great Hall
17:58 Watch Tower
18:02 Great Hall
18:08 Watch Tower
19:43 Watch Tower
19:47 Watch Tower
19:56 Watch Tower
20:59 Orc Burrow
21:45 Watch Tower
23:18 Watch Tower
24:22 Voodoo Lounge
28:07 Watch Tower
31:02 Orc Burrow
31:05 Orc Burrow
31:08 Orc Burrow
36:58 Orc Burrow
37:05 Orc Burrow
37:37 Orc Burrow
37:39 Orc Burrow
37:41 Orc Burrow
» items
                
                | Healing Salve | 1 |  | 
| Lesser Clarity Potion | 3 |  | 
| Scroll of Speed | 1 |  | 
| Potion of Healing | 4 |  | 
| Circlet of Nobility | 1 |  | 
| Potion of Mana | 1 |  | 
| Orb of Lightning | 1 |  | 
| Staff of Teleportation | 1 |  | 
                13 total
  
               team 2 (winner) 
              
              
» 
analPENETRATlON (
yellow | 86 APM | 6457 actions | 75:17)
              
 6 Blademaster 
 3 Wind Walk
 2 Critical Strike
 1 Bladestorm
 
                » actions 
                
                | Assign group hotkey | 230 |  | 
| Build / train | 60 |  | 
| Enter build submenu | 11 |  | 
| Enter hero's abilities submenu | 6 |  | 
| Give item / drop item | 2 |  | 
| Right click | 2423 |  | 
| Select / deselect | 254 |  | 
| Select group hotkey | 3350 |  | 
| Use ability | 121 |  | 
                6457 total
 » units 
                » upgrades
                
                | Ranged Weapons | 1 |  | 
| Liquid Fire | 1 |  | 
                2 total
 » buildings
                
                | Altar of Storms | 1 |  | 
| Orc Burrow | 5 |  | 
| Voodoo Lounge | 1 |  | 
| Stronghold | 3 |  | 
| War Mill | 1 |  | 
| Beastiary | 3 |  | 
| Fortress | 1 |  | 
                15 total
 » build order
                00:08 Altar of Storms
00:20 Orc Burrow
01:48 Voodoo Lounge
02:06 Orc Burrow
04:11 Stronghold
04:11 Stronghold
04:45 War Mill
06:44 Beastiary
06:45 Beastiary
06:49 Beastiary
06:53 Orc Burrow
06:55 Orc Burrow
13:20 Orc Burrow
13:50 Fortress
» items
                
                | Lesser Clarity Potion | 4 |  | 
| Healing Salve | 3 |  | 
| Boots of Speed | 1 |  | 
| Staff of Teleportation | 1 |  | 
| Potion of Healing | 3 |  | 
| Potion of Mana | 1 |  | 
| Scroll of Town Portal | 2 |  | 
| Orb of Lightning | 1 |  | 
| Tiny Great Hall | 1 |  | 
| Potion of Lesser Invulnerability | 1 |  | 
                18 total
  
               
              
              
JOHN-MATHESON (
purple | 25 APM | 1909 actions | 75:25)
              
 3 Archmage 
 1 Summon Water Elemental
 2 Brilliance Aura
 
                » actions 
                
                | Assign group hotkey | 11 |  | 
| Basic commands | 55 |  | 
| Build / train | 129 |  | 
| ESC pressed | 22 |  | 
| Enter build submenu | 136 |  | 
| Enter hero's abilities submenu | 3 |  | 
| Remove unit from queue | 1 |  | 
| Right click | 502 |  | 
| Select / deselect | 621 |  | 
| Select group hotkey | 269 |  | 
| Use ability | 160 |  | 
                1909 total
 » units 
                
                | Peasant | 40 |  | 
| Dragonhawk Rider | 9 |  | 
                49 total
 » upgrades
                
                | Masonry | 3 |  | 
| Lumber Harvesting | 1 |  | 
| Magic Sentry | 1 |  | 
| Cloud | 1 |  | 
| Swords | 3 |  | 
| Armor | 3 |  | 
                12 total
 » buildings
                
                | Lumber Mill | 3 |  | 
| Altar of Kings | 1 |  | 
| Scout Tower | 94 |  | 
| Farm | 18 |  | 
| Guard Tower | 55 |  | 
| Arcane Vault | 2 |  | 
| Keep | 1 |  | 
| Town Hall | 1 |  | 
| Arcane Sanctum | 1 |  | 
| Arcane Tower | 1 |  | 
| Castle | 1 |  | 
| Gryphon Aviary | 3 |  | 
| Blacksmith | 1 |  | 
                182 total
 » build order
                00:36 Lumber Mill
00:44 Altar of Kings
01:14 Scout Tower
01:43 Scout Tower
01:50 Farm
02:10 Scout Tower
02:14 Scout Tower
02:16 Scout Tower
02:20 Guard Tower
02:38 Guard Tower
02:40 Scout Tower
02:45 Scout Tower
02:53 Farm
02:58 Scout Tower
03:07 Guard Tower
03:20 Guard Tower
03:47 Guard Tower
03:48 Guard Tower
03:51 Scout Tower
04:41 Guard Tower
04:41 Guard Tower
04:42 Guard Tower
04:49 Scout Tower
05:13 Scout Tower
05:18 Scout Tower
06:03 Scout Tower
06:05 Scout Tower
06:20 Guard Tower
06:21 Guard Tower
06:22 Scout Tower
06:41 Arcane Vault
06:47 Scout Tower
07:01 Guard Tower
07:05 Scout Tower
07:10 Arcane Vault
07:21 Scout Tower
07:24 Keep
07:33 Guard Tower
09:22 Guard Tower
09:25 Scout Tower
09:27 Scout Tower
10:08 Scout Tower
10:49 Guard Tower
11:17 Town Hall
11:40 Scout Tower
11:43 Scout Tower
12:00 Farm
12:04 Scout Tower
12:16 Scout Tower
12:21 Scout Tower
12:31 Arcane Sanctum
12:34 Scout Tower
12:36 Scout Tower
12:38 Scout Tower
12:39 Guard Tower
12:41 Scout Tower
12:58 Scout Tower
13:00 Scout Tower
13:02 Guard Tower
13:05 Guard Tower
13:10 Guard Tower
13:12 Scout Tower
13:17 Arcane Tower
13:44 Castle
13:46 Guard Tower
13:54 Guard Tower
14:19 Guard Tower
14:41 Scout Tower
14:48 Scout Tower
14:58 Scout Tower
15:12 Guard Tower
15:17 Scout Tower
15:26 Scout Tower
15:28 Guard Tower
15:47 Guard Tower
15:52 Guard Tower
15:54 Scout Tower
16:05 Gryphon Aviary
16:17 Guard Tower
16:19 Scout Tower
16:25 Scout Tower
16:25 Guard Tower
16:47 Guard Tower
16:50 Scout Tower
16:54 Scout Tower
16:55 Guard Tower
17:18 Guard Tower
17:22 Scout Tower
17:24 Scout Tower
17:25 Guard Tower
17:56 Guard Tower
18:03 Scout Tower
18:08 Scout Tower
18:37 Gryphon Aviary
18:45 Guard Tower
18:48 Scout Tower
18:49 Guard Tower
19:22 Blacksmith
19:25 Guard Tower
20:29 Gryphon Aviary
22:28 Farm
22:30 Farm
22:33 Farm
23:08 Farm
23:11 Farm
23:16 Farm
23:23 Farm
23:52 Farm
23:55 Farm
23:58 Farm
26:05 Lumber Mill
26:22 Lumber Mill
26:39 Scout Tower
27:17 Guard Tower
27:20 Scout Tower
27:27 Scout Tower
27:31 Scout Tower
28:51 Scout Tower
28:53 Scout Tower
29:00 Scout Tower
29:04 Scout Tower
29:13 Guard Tower
29:16 Scout Tower
29:21 Scout Tower
29:34 Guard Tower
29:41 Scout Tower
29:44 Scout Tower
29:48 Scout Tower
29:50 Scout Tower
29:55 Guard Tower
30:00 Scout Tower
30:03 Scout Tower
30:32 Guard Tower
30:37 Scout Tower
30:48 Scout Tower
30:53 Scout Tower
30:57 Scout Tower
31:25 Scout Tower
31:26 Guard Tower
31:30 Scout Tower
31:33 Guard Tower
31:37 Scout Tower
31:53 Scout Tower
31:57 Scout Tower
32:03 Scout Tower
32:09 Scout Tower
32:13 Scout Tower
32:18 Scout Tower
32:41 Guard Tower
32:54 Guard Tower
32:57 Guard Tower
32:59 Scout Tower
33:02 Scout Tower
33:49 Guard Tower
33:51 Scout Tower
33:56 Scout Tower
34:01 Scout Tower
34:05 Scout Tower
34:20 Scout Tower
34:40 Guard Tower
34:47 Scout Tower
34:54 Scout Tower
35:02 Scout Tower
36:43 Guard Tower
39:01 Scout Tower
39:07 Scout Tower
39:11 Scout Tower
39:44 Guard Tower
39:49 Scout Tower
39:50 Guard Tower
39:59 Scout Tower
40:13 Scout Tower
40:16 Guard Tower
40:40 Guard Tower
40:46 Scout Tower
40:51 Guard Tower
41:15 Guard Tower
53:31 Farm
53:40 Farm
54:39 Farm
56:14 Farm
57:19 Farm
» items
                
                | Scroll of Regeneration | 1 |  | 
| Staff of Teleportation | 1 |  | 
| Boots of Speed | 1 |  | 
| Circlet of Nobility | 1 |  | 
| Scroll of Town Portal | 1 |  | 
                5 total
  
               
              
              
MURTAR (
pink | 63 APM | 4738 actions | 75:18)
              
 4 Blademaster 
 2 Wind Walk
 2 Critical Strike
 2 Goblin Tinker 
 1 Pocket Factory
 1 Engineering Upgrade
 
                » actions 
                
                | Assign group hotkey | 11 |  | 
| Basic commands | 11 |  | 
| Build / train | 88 |  | 
| ESC pressed | 8 |  | 
| Enter build submenu | 92 |  | 
| Enter hero's abilities submenu | 6 |  | 
| Give item / drop item | 2 |  | 
| Right click | 3205 |  | 
| Select / deselect | 614 |  | 
| Select group hotkey | 349 |  | 
| Use ability | 352 |  | 
                4738 total
 » units 
                
                | Peon | 27 |  | 
| Troll Batrider | 12 |  | 
| Wind Rider | 4 |  | 
                43 total
 » upgrades
                
                | Reinforced Defenses | 1 |  | 
| Ranged Weapons | 3 |  | 
| Armor | 3 |  | 
| Spiked Barricades | 1 |  | 
| Envenomed Spears | 1 |  | 
| Liquid Fire | 1 |  | 
                10 total
 » buildings
                
                | War Mill | 2 |  | 
| Orc Burrow | 7 |  | 
| Altar of Storms | 1 |  | 
| Watch Tower | 64 |  | 
| Voodoo Lounge | 2 |  | 
| Stronghold | 3 |  | 
| Great Hall | 1 |  | 
| Fortress | 3 |  | 
| Beastiary | 4 |  | 
                87 total
 » build order
                00:17 War Mill
00:44 Orc Burrow
01:13 Altar of Storms
01:30 Watch Tower
01:35 Watch Tower
02:32 Watch Tower
02:34 Watch Tower
02:45 Watch Tower
03:12 Watch Tower
03:14 Watch Tower
03:40 Watch Tower
03:45 Watch Tower
04:36 Watch Tower
04:39 Watch Tower
04:47 Voodoo Lounge
04:50 Watch Tower
05:12 Watch Tower
05:15 Orc Burrow
05:18 Stronghold
05:18 Stronghold
05:18 Stronghold
05:22 Orc Burrow
05:40 Watch Tower
05:55 Watch Tower
06:05 Watch Tower
06:40 Great Hall
06:45 Watch Tower
07:00 Watch Tower
07:48 Orc Burrow
08:13 Watch Tower
08:15 Watch Tower
08:25 Watch Tower
09:47 Fortress
09:47 Fortress
10:19 Beastiary
10:23 Beastiary
11:07 Watch Tower
11:09 Watch Tower
13:59 Watch Tower
14:01 Watch Tower
14:21 Orc Burrow
14:25 Orc Burrow
15:38 Orc Burrow
16:24 Watch Tower
16:25 Watch Tower
17:56 Watch Tower
17:58 Watch Tower
19:13 Watch Tower
20:08 Watch Tower
20:12 Watch Tower
20:14 Watch Tower
20:35 Watch Tower
20:39 Watch Tower
22:03 Beastiary
22:05 Beastiary
22:31 Watch Tower
22:34 Watch Tower
23:21 Watch Tower
24:04 Watch Tower
24:08 Watch Tower
24:34 Watch Tower
24:41 Watch Tower
24:45 Watch Tower
24:48 Watch Tower
24:53 Watch Tower
25:44 Watch Tower
25:48 Watch Tower
25:59 Watch Tower
26:04 Watch Tower
26:14 Watch Tower
26:16 Watch Tower
26:30 Watch Tower
29:07 Watch Tower
29:11 Watch Tower
29:13 Watch Tower
29:18 Watch Tower
30:37 Watch Tower
30:39 Watch Tower
33:19 Watch Tower
38:59 War Mill
41:10 Watch Tower
41:12 Watch Tower
41:15 Watch Tower
46:06 Watch Tower
66:40 Voodoo Lounge
68:08 Watch Tower
» items
                
                | Healing Salve | 4 |  | 
| Lesser Clarity Potion | 2 |  | 
| Staff of Teleportation | 2 |  | 
| Boots of Speed | 2 |  | 
| Potion of Lesser Invulnerability | 2 |  | 
| Tiny Great Hall | 1 |  | 
| Scroll of Town Portal | 3 |  | 
| Orb of Lightning | 2 |  | 
| Scroll of Speed | 1 |  | 
                19 total
  
                Chat log
          (00:09 / Allies) MURTAR: .....
(00:10 / Allies) MURTAR: jmo
(00:11 / Allies) MURTAR: lol
(00:12 / Allies) MURTAR: we can do it
(00:24 / Allies) analPENETRATlON: trina is lol
(00:35 / Allies) analPENETRATlON: be and bob are "NOT THAT TIGHT"
(00:48 / Allies) MURTAR: feed when u can jmo
(00:53 / Allies) analPENETRATlON: you?
(00:55 / Allies) MURTAR: yea
(01:03 / Allies) analPENETRATlON: what do i make
(01:06 / Allies) MURTAR: blademaster
(01:08 / Allies) MURTAR: tech bats
(01:21 / Allies) analPENETRATlON: feed after i get bats?
(01:22 / Allies) analPENETRATlON: or what
(01:25 / Allies) MURTAR: feed now
(01:27 / Allies) MURTAR: s owe can tower up
(01:38 / Allies) analPENETRATlON: when do i get bats then lewl
(01:46 / Allies) JOHN-MATHESON: once tower wall is up
(01:46 / Allies) MURTAR: is up
(01:48 / Allies) MURTAR: and we harass
(01:55 / Allies) MURTAR: go harass asap
(02:03 / Allies) analPENETRATlON: i didnt even get to finish reading the CONVERSATION
(02:37 / Allies) MURTAR: wood
(03:00 / Allies) MURTAR: shittttt
(03:50 / Allies) analPENETRATlON: and they maphack lol
(03:54 / Allies) MURTAR: y lol
(03:59 / Allies) analPENETRATlON: burrow before i got there lol
(04:05 / Allies) MURTAR: don't let them perch
(04:51 / Allies) MURTAR: k jmo
(04:52 / Allies) MURTAR: im good
(04:58 / Allies) MURTAR: we need to perch
(04:59 / Allies) MURTAR: faster than them
(05:07 / Allies) MURTAR: expop that soon
(05:29 / Allies) MURTAR: fuck that shit up
(05:39 / Allies) analPENETRATlON: they;re not perching lol
(07:12 / Allies) MURTAR: feed bewb a lil
(07:14 / Allies) MURTAR: he needs to tech
(08:45 / Allies) MURTAR: so how do they mh?
(08:55 / Allies) analPENETRATlON: they had burrowed peons
(08:57 / Allies) analPENETRATlON: before i went to base?
(09:18 / Allies) analPENETRATlON: or maybe they're just REALLY BADF
(09:36 / Allies) MURTAR: jmo 100
(09:47 / Allies) analPENETRATlON: bit you're the one with the expo up
(10:30 / All) der.kingpint: luicky yellow
(10:34 / All) der.kingpint: was afk
(10:42 / All) analPENETRATlON: lewl
(11:49 / Allies) MURTAR: go bat
(11:50 / Allies) MURTAR: their expo
(11:55 / Allies) MURTAR: lew el
(12:11 / Allies) JOHN-MATHESON: feed wood plz
(12:32 / Allies) MURTAR: yea they're bad
(13:36 / Allies) JOHN-MATHESON: help plz
(15:34 / All) analPENETRATlON: lol that was the first time ive ever exploded bats
(15:42 / Allies) MURTAR: rly lol?
(16:43 / Allies) MURTAR: got it
(17:43 / Allies) MURTAR: wow
(17:44 / Allies) MURTAR: close
(19:58 / Allies) analPENETRATlON: yea mh
(20:01 / Allies) analPENETRATlON: they suck but they mh
(20:27 / Allies) MURTAR: why lol
(20:36 / Allies) analPENETRATlON: rofl did u not see that?
(20:40 / Allies) MURTAR: nah didn't c
(20:52 / Allies) analPENETRATlON: i went to expand, they went to my expansion, but i was trying to destract so my bats go
(20:57 / Allies) analPENETRATlON: ROFL
(21:06 / Allies) analPENETRATlON: they just attacked my bats there
(21:20 / Allies) analPENETRATlON: watch
(21:23 / Allies) analPENETRATlON: elf is gonna run to base
(21:23 / Allies) analPENETRATlON: now
(21:27 / Allies) analPENETRATlON: as soon as my bats go
(21:54 / Allies) MURTAR: burning oil jmo
(22:34 / Allies) analPENETRATlON: ..
(22:37 / Allies) analPENETRATlON: i hate orc so much
(25:32 / Allies) analPENETRATlON: feed me if you want more bats
(25:34 / Allies) MURTAR: jmo just don't lose those bats
(25:37 / Allies) analPENETRATlON: and bob has 5k gold lol
(25:40 / Allies) JOHN-MATHESON: jmo
(25:45 / Allies) JOHN-MATHESON: the idea is to stockpile gold
(25:50 / Allies) MURTAR: they'll run out
(25:52 / Allies) MURTAR: before we do
(25:52 / Allies) JOHN-MATHESON: and stay at no upkeep
(26:27 / Allies) analPENETRATlON: what difference does it make if you have 100/100 food and they tear down the wall
(26:35 / Allies) MURTAR: difference is
(26:37 / Allies) MURTAR: u don't have cash
(26:39 / Allies) MURTAR: at end of game
(26:42 / Allies) MURTAR: they're in low or high upkeep
(26:44 / Allies) MURTAR: whole game
(26:51 / Allies) analPENETRATlON: but you wont have production buildings anyway
(27:23 / Allies) MURTAR: got u jmo
(28:08 / Allies) analPENETRATlON: gimme 100
(28:16 / Allies) analPENETRATlON: for tp
(30:11 / All) MURTAR: mpahack much
(30:14 / All) MURTAR: LOL
(30:19 / Allies) analPENETRATlON: told you lol
(30:21 / Allies) MURTAR: def mpahack
(30:31 / Allies) MURTAR: wood jmo?
(30:32 / Allies) MURTAR: got any?
(31:41 / Allies) MURTAR: defend the tower wall
(31:44 / Allies) MURTAR: as much as u can
(32:01 / Allies) analPENETRATlON: they have no aoe heroes
(32:03 / Allies) analPENETRATlON: so its like gg anyway lol
(33:00 / Allies) analPENETRATlON: they have wards lol so bm = USELESS there
(34:01 / Allies) MURTAR: such hax lmfao
(35:17 / Allies) analPENETRATlON: chris control my bats
(35:19 / Allies) analPENETRATlON: im too lazy
(41:28 / All) analPENETRATlON: so my bm is FUCKING UP ur base lol
(41:34 / Allies) MURTAR: dont die for real tho LOL
(42:54 / All) MURTAR: map hack is nice eh?
(43:11 / All) MURTAR: i like how u ward right where our bm is all the time LOL
(43:18 / All) analPENETRATlON: lewl
(44:12 / Allies) MURTAR: those moonweells
(44:17 / Allies) MURTAR: are ganna fu ck their shit up LOPL
(44:27 / Allies) MURTAR: just if u see an SH
(44:28 / Allies) analPENETRATlON: lol
(44:33 / Allies) MURTAR: doing this at night is dangerous
(44:52 / All) MURTAR: Welcome to camp Highperch, please enjoy your stay
(45:11 / Allies) MURTAR: lewl jmo
(45:11 / Allies) MURTAR: lewl
(45:17 / Allies) MURTAR: staff back to heal
(45:27 / Allies) MURTAR: LOL
(45:28 / Allies) MURTAR: FRETH
(45:35 / Allies) MURTAR: heal well is thanks
(45:54 / Allies) MURTAR: i suggest
(45:56 / Allies) MURTAR: an invun pot
(45:57 / Allies) MURTAR: for ur hero
(46:00 / Allies) analPENETRATlON: yea lewl
(46:17 / Allies) MURTAR: thats how u get back
(46:19 / Allies) MURTAR: to the ground
(46:21 / Allies) MURTAR: when bobs main dies
(46:49 / Allies) analPENETRATlON: all that air is like actually making me lag
(46:52 / Allies) analPENETRATlON: and rofl straight to my peon
(46:53 / Allies) MURTAR: i know lol
(47:29 / All) JOHN-MATHESON: took you guys long enough
(47:29 / Allies) MURTAR: we can't let that sh
(47:31 / Allies) MURTAR: kill us
(47:35 / Allies) MURTAR: if they get
(47:36 / All) JOHN-MATHESON: figured with that maphack you'd see my base
(47:37 / Allies) MURTAR: voodoo
(47:38 / All) der.kingpint: fuck you guys
(47:43 / All) MURTAR: nice maphack though guys
(47:48 / All) der.kingpint: you all too
(47:51 / All) MURTAR: its a shame you didn't stop the perch with it
(47:51 / All) analPENETRATlON: LOL
(47:53 / All) MURTAR: lol?
(48:03 / All) spliff-star: lol ? 
(48:04 / All) MURTAR: i love playing vs pathetic maphack nubs and ROUGHING THEM UP
(48:07 / All) JOHN-MATHESON: Welcome to Camp Highperch gentlemen
(48:07 / All) spliff-star: suck ur mama lol
(48:09 / All) MURTAR: its VERY ENTERTAINING
(48:20 / All) spliff-star: ..
(48:23 / All) spliff-star: its tiered
(48:23 / All) MURTAR: For replays like this and others, please visit http://highper.ch
(48:30 / All) analPENETRATlON: lewl @ LAST MOON WELL
(48:37 / Allies) MURTAR: no chims
(48:39 / Allies) MURTAR: for them
(48:40 / Allies) MURTAR: LOL
(48:41 / Allies) MURTAR: GG
(48:44 / Allies) MURTAR: orc can't do shit
(48:45 / Allies) MURTAR: to highperch
(48:48 / Allies) MURTAR: its a game of AFK NOW
(48:49 / Allies) MURTAR: LOL
(50:01 / Allies) MURTAR: watch out jmo
(50:03 / Allies) MURTAR: he's coming to u
(50:04 / Allies) MURTAR: get out
(50:15 / Allies) analPENETRATlON: im not that noob lol
(50:17 / Allies) analPENETRATlON: i have a tp
(50:22 / Allies) MURTAR: just making sure <3
(50:50 / Allies) MURTAR: id staff out
(50:51 / Allies) MURTAR: now
(50:58 / Allies) MURTAR: hit later
(51:01 / Allies) analPENETRATlON: worry about ur own
(51:02 / Allies) analPENETRATlON: bm
(51:02 / Allies) analPENETRATlON: thx
(51:54 / Allies) MURTAR: rofl they killed the last
(51:55 / Allies) MURTAR: peon
(51:56 / Allies) MURTAR: we're stuck
(51:57 / Allies) MURTAR: up here
(53:28 / All) der.kingpint: wtf guys
(53:35 / All) MURTAR: Welcome to camp highperch
(53:49 / All) MURTAR: ur maphack won't help
(53:56 / All) MURTAR: not in this case
(54:00 / All) JOHN-MATHESON: For replays like this and others, please visit http://highper.ch
(54:14 / Allies) MURTAR: rofl look at that raider folow
(54:17 / All) MURTAR: teal maphacks at least
(54:20 / All) MURTAR: i kno wthat for sure
(54:25 / All) MURTAR: he makes it obvious as shit
(54:26 / All) spliff-star: shut ur lie face 
(54:30 / All) spliff-star: lie urself
(54:41 / All) JOHN-MATHESON: deny more
(54:45 / All) MURTAR: following a windwalked bm? without being a ble to attack it? make it more obv please faggot gg k thx bai
(55:12 / All) der.kingpint: ahhhh
(55:14 / All) MURTAR: keep the follow up teal
(56:08 / All) MURTAR: rofl teal do u not take any pride?
(56:09 / All) MURTAR: rofl
(56:34 / All) analPENETRATlON: orange maphacks too lol
(56:36 / All) analPENETRATlON: and so does the elf
(56:42 / All) MURTAR: its ok rofl
(57:00 / All) analPENETRATlON: burrowed peons before i went to base rofl, knowing exactly when my bats were going to hit lol
(57:25 / All) MURTAR: yea blue is mh lol
(57:44 / All) spliff-star: yes ur all map hack
(57:46 / All) spliff-star: yes ur all
(57:50 / All) spliff-star: yes ur all mh
(57:50 / All) MURTAR: lewl
(57:52 / All) spliff-star: yur all
(57:52 / All) JOHN-MATHESON: LOL
(57:53 / All) JOHN-MATHESON: LOL
(57:54 / All) spliff-star: yes
(57:55 / All) spliff-star: yes
(57:56 / All) JOHN-MATHESON: FOR REAL?
(57:58 / All) spliff-star: yes ur all
(58:01 / All) spliff-star: yes ur all
(58:04 / All) JOHN-MATHESON: ROFL @ OJ
(58:04 / All) spliff-star: ur mh
(58:07 / All) spliff-star: yes ur all
(58:15 / All) JOHN-MATHESON: lrn english please
(58:33 / Allies) MURTAR: watch this
(58:42 / All) JOHN-MATHESON: lol blue
(58:49 / All) JOHN-MATHESON: please chase that more
(59:45 / All) analPENETRATlON: ...
(59:49 / Allies) MURTAR: lewl
(59:50 / All) analPENETRATlON: tell me how you find those farms lol
(60:07 / Allies) MURTAR: his bm has NO ItEMS
(60:42 / All) JOHN-MATHESON: LOL
(60:44 / Allies) MURTAR: rofl
(60:45 / Allies) MURTAR: this is so
(60:46 / Allies) MURTAR: pathetic
(60:48 / All) JOHN-MATHESON: just admit you guys maphack
(61:01 / All) JOHN-MATHESON: and it'll be so much more pathetic when you lose
(61:09 / Allies) MURTAR: they're just ganna tiehack
(61:11 / Allies) MURTAR: i don't see why
(61:12 / All) der.kingpint: we will
(61:19 / All) der.kingpint: i say all the time
(61:27 / Allies) MURTAR: they're trying to tinker us
(61:27 / Allies) MURTAR: lmfao
(61:33 / All) analPENETRATlON: they would have tiehhacked already lol
(61:41 / All) analPENETRATlON: AND ROFL THE BM FOLLOWS ME WHEN IM IN WW/
(61:42 / Allies) MURTAR: they think they're ganna get the win
(61:45 / Allies) MURTAR: which makes it even better
(61:55 / Allies) analPENETRATlON: rofl wow
(62:05 / Allies) MURTAR: we're stuck lol
(62:19 / Allies) MURTAR: if i had food :[[[
(62:24 / All) analPENETRATlON: ive never been chased in ww before lol
(62:51 / All) analPENETRATlON: ima read trinas conversation
(62:52 / All) analPENETRATlON: brb
(62:55 / Allies) JOHN-MATHESON: rofl
(63:15 / All) JOHN-MATHESON: lol how do you guys function on this game?
(63:28 / All) JOHN-MATHESON: would it have been that hard to get siege earlier when you KNEW there were gonna be mass towers
(63:38 / All) MURTAR: they're basically the scrubs that were level 4 up until this patch
(63:45 / All) JOHN-MATHESON: maphack can't even compensate for that
(64:55 / All) analPENETRATlON: trinawashere (10:01:17 AM): atleast i know jmo enough to know if hes joking
(65:05 / All) JOHN-MATHESON: what in relation to me?
(65:17 / All) analPENETRATlON: shes like
(65:20 / All) analPENETRATlON: i dont know bob like that
(65:23 / All) analPENETRATlON: for him to be joking me
(65:26 / All) MURTAR: LOL
(65:30 / All) JOHN-MATHESON: rofl
(65:39 / All) JOHN-MATHESON: then tell her to shut up when she "tries" to joke me
(65:46 / All) MURTAR: ya she's on that triff tip lately
(66:27 / All) analPENETRATlON: rofl shes mad
(66:31 / All) analPENETRATlON: cus we defend bob and she doesnt like him LOL
(66:42 / All) JOHN-MATHESON: no joke
(66:49 / All) JOHN-MATHESON: i HONESTLY honestly said
(66:50 / All) JOHN-MATHESON: months ago
(66:55 / All) JOHN-MATHESON: she doesn't like me or has issues with me
(66:56 / All) MURTAR: so i think this is the point where we actually say
(66:56 / All) MURTAR: gl hf
(66:57 / All) MURTAR: LOL
(66:59 / All) JOHN-MATHESON: none of you believed me
(67:04 / All) JOHN-MATHESON: and look what happens now
(67:09 / All) MURTAR: she's just being trifflin for real
(67:17 / All) JOHN-MATHESON: its permanent triffling
(67:19 / All) MURTAR: tbh her personality is so disgusting sometimmes
(67:20 / All) JOHN-MATHESON: worst part is
(67:23 / All) JOHN-MATHESON: she has no idea
(67:28 / All) JOHN-MATHESON: or when we bring it up to help her stop
(67:33 / All) JOHN-MATHESON: she gets even MORE triffling
(67:47 / All) MURTAR: drama llama i swear
(67:59 / All) MURTAR: im bored lets throw some more towers up north
(68:40 / All) analPENETRATlON: lol how does she not know bob as well as she knows me lol
(68:49 / All) analPENETRATlON: i dont even KNOW her like that
(69:45 / All) analPENETRATlON: so are they for real still trying lol
(69:50 / All) MURTAR: yea they are its pathetic
(70:29 / All) MURTAR: like, the first timem* we did this it was vs some beaners.
(70:53 / All) MURTAR: nice bat micro
(71:08 / All) MURTAR: gj with tinkws
(71:13 / All) MURTAR: nice tinker job
(71:16 / All) MURTAR: we lost nothing btw
(71:27 / All) MURTAR: god i love this fountain of health
(71:30 / All) MURTAR: cuts down on healing costs
(71:35 / All) MURTAR: its like health insurance
(72:07 / All) analPENETRATlON: i kinda wish i would have seen through trina like 5 months ago lol
(72:16 / All) analPENETRATlON: G_G
(72:19 / All) JOHN-MATHESON: awww don't qq yet
(72:26 / All) JOHN-MATHESON: u have to suicide everything first
(72:55 / All) analPENETRATlON: lol
(72:57 / All) JOHN-MATHESON: like that
(73:01 / All) JOHN-MATHESON: kthx now u can leave
(73:09 / All) MURTAR: maphackers too
(73:10 / All) JOHN-MATHESON: so much for maphack
(73:11 / All) MURTAR: how pathetic
(73:12 / All) MURTAR: lmfaoa...
(73:16 / All) JOHN-MATHESON: lrn2play
(73:22 / All) analPENETRATlON: L
(73:23 / All) analPENETRATlON: 2
(73:24 / All) analPENETRATlON: P
(73:46 / All) analPENETRATlON: for real i wish they didnt maphack so i could atleast get my bm down lol
(74:07 / All) spliff-star: just write ur names 
(74:09 / All) JOHN-MATHESON: well if SOMEONE had gone NE or UD like we told them to
(74:11 / All) spliff-star: ur will get banend
(74:22 / All) spliff-star: gm job
(74:22 / All) analPENETRATlON: lol how will we get banned
(74:24 / All) JOHN-MATHESON: WE? will get banned?
(74:27 / All) JOHN-MATHESON: gg
(74:31 / All) spliff-star: bla u wil lsee
(74:34 / All) MURTAR: lol is this nerd saying we'll get banned?
(74:35 / All) spliff-star: so many times 
(74:35 / All) JOHN-MATHESON: we will?
(74:37 / All) MURTAR: when he maphacks?
(74:38 / All) MURTAR: rofl
(74:41 / All) JOHN-MATHESON: banned multiple times?
(74:42 / All) JOHN-MATHESON: rofl
(74:47 / All) JOHN-MATHESON: please learn to speak english
(74:55 / All) JOHN-MATHESON: its not hard
(75:04 / All) spliff-star: so in like 15 - 35 min ur acc will logg off
(75:08 / All) spliff-star: cya guys
(75:09 / All) JOHN-MATHESON: orly?
(75:11 / All) JOHN-MATHESON: k
(75:12 / All) spliff-star: last time u hack 
(75:15 / All) JOHN-MATHESON: we'll talk to you in 35 minutes
(75:16 / All) analPENETRATlON: ROFL